[ PARTIDA AOE2 · #471852300 ]
UnrankedEslavos vs Poles
Equipo del jugador · DERR
Equipo rival · VICT
[ ANÁLISIS DE REPETICIÓN · EXTRAÍDO DE LA PARTIDA GRABADA ]
Feudal
—
Castillos
—
Imperial
—
| APM promedio | 59.9 |
| APM pico | 108 |
| eAPM promedio | 28.9 |
| Aldeanos / militares | 83 / 121 |
Foco
⚔️ 45.2% · 🌾 54.8%
Knight ×97 · Skirmisher ×10 · Monk ×6 · Archer ×3 · Militia ×3 · Mangonel ×1
Feudal
9:16
Castillos
20:59
Imperial
40:49
| APM promedio | 62.2 |
| APM pico | 104 |
| eAPM promedio | 29.8 |
| Aldeanos / militares | 168 / 180 |
Foco
⚔️ 48.1% · 🌾 51.9%
Cavalry Archer ×108 · Archer ×30 · Knight ×27 · Monk ×10 · Scout Cavalry ×5
Mapa de la partida
Recursos iniciales + cada clic de construcción. Líneas = muros · curvas = relieve. ◆ oro · ⬟ piedra · ● bayas · ✦ reliquia · ◌ hueco del cierre
Inputs por minuto
— RuFF Holland - - TUT
Build order — RuFF Holland
Primeras 150 de 327 acciones detectadas
| 0:01 | Crear | Villager (Male) |
| 0:01 | Crear | Villager (Male) |
| 0:01 | Crear | Villager (Male) |
| 0:02 | Construir | House |
| 0:03 | Construir | House |
| 0:28 | Crear | Villager (Male) |
| 0:29 | Crear | Villager (Male) |
| 1:31 | Crear | Villager (Male) |
| 1:56 | Crear | Villager (Male) |
| 2:22 | Crear | Villager (Male) |
| 2:22 | Crear | Villager (Male) |
| 2:25 | Construir | Lumber Camp |
| 2:45 | Crear | Villager (Male) |
| 2:45 | Crear | Villager (Male) |
| 3:07 | Crear | Villager (Male) |
| 3:08 | Crear | Villager (Male) |
| 3:37 | Crear | Villager (Male) |
| 3:50 | Construir | House |
| 3:52 | Crear | Villager (Male) |
| 4:26 | Crear | Villager (Male) |
| 4:51 | Crear | Villager (Male) |
| 5:11 | Crear | Villager (Male) |
| 5:41 | Crear | Villager (Male) |
| 5:46 | Construir | Barracks |
| 6:14 | Investigar | Loom |
| 6:42 | Investigar | Feudal Age |
| 6:42 | Investigar | Feudal Age |
| 7:00 | Construir | Mining Camp |
| 7:03 | Crear | Militia |
| 7:27 | Crear | Militia |
| 7:50 | Crear | Militia |
| 8:27 | Construir | Mill |
| 8:46 | Crear | Villager (Male) |
| 9:05 | Investigar | Man-at-Arms (upgrade) |
| 9:22 | Crear | Villager (Male) |
| 9:28 | Construir | House |
| 9:39 | Construir | Mill |
| 9:52 | Crear | Villager (Male) |
| 9:55 | Construir | House |
| 10:22 | Crear | Villager (Male) |
| 10:44 | Crear | Villager (Male) |
| 11:02 | Crear | Villager (Male) |
| 11:13 | Construir | Archery Range |
| 11:35 | Crear | Villager (Male) |
| 11:49 | Crear | Villager (Male) |
| 11:52 | Crear | Skirmisher |
| 11:52 | Crear | Skirmisher |
| 11:55 | Construir | Blacksmith |
| 12:21 | Crear | Skirmisher |
| 12:28 | Crear | Villager (Male) |
| 12:38 | Crear | Villager (Male) |
| 12:41 | Construir | Farm |
| 12:51 | Crear | Skirmisher |
| 12:57 | Construir | Palisade Wall |
| 12:59 | Construir | Palisade Wall |
| 13:00 | Construir | Palisade Wall |
| 13:01 | Construir | Palisade Wall |
| 13:11 | Crear | Villager (Male) |
| 13:12 | Crear | Skirmisher |
| 13:17 | Construir | House |
| 13:24 | Construir | Farm |
| 13:33 | Crear | Villager (Male) |
| 13:39 | Construir | Farm |
| 13:40 | Construir | Farm |
| 13:44 | Construir | Palisade Wall |
| 13:52 | Crear | Archer |
| 13:58 | Construir | Farm |
| 14:00 | Crear | Villager (Male) |
| 14:11 | Crear | Skirmisher |
| 14:17 | Construir | House |
| 14:20 | Construir | Farm |
| 14:22 | Crear | Villager (Male) |
| 14:35 | Construir | Farm |
| 14:37 | Construir | Farm |
| 14:41 | Investigar | Fletching |
| 14:42 | Investigar | Fletching |
| 14:48 | Construir | House |
| 14:57 | Construir | Palisade Wall |
| 14:58 | Construir | Palisade Wall |
| 15:01 | Crear | Villager (Male) |
| 15:04 | Crear | Skirmisher |
| 15:06 | Construir | Farm |
| 15:17 | Construir | Palisade Wall |
| 15:19 | Construir | Palisade Wall |
| 15:21 | Crear | Villager (Male) |
| 15:28 | Crear | Villager (Male) |
| 15:30 | Construir | Farm |
| 15:31 | Construir | Farm |
| 15:40 | Crear | Skirmisher |
| 15:55 | Crear | Skirmisher |
| 15:57 | Investigar | Padded Archer Armor |
| 16:01 | Construir | Farm |
| 16:11 | Construir | House |
| 16:13 | Crear | Villager (Male) |
| 16:16 | Crear | Villager (Male) |
| 16:21 | Crear | Skirmisher |
| 16:50 | Crear | Villager (Male) |
| 16:50 | Crear | Archer |
| 17:02 | Crear | Villager (Male) |
| 17:21 | Crear | Archer |
| 17:37 | Construir | Farm |
| 17:38 | Construir | Farm |
| 17:39 | Construir | Farm |
| 17:41 | Construir | Farm |
| 17:43 | Construir | Farm |
| 17:43 | Crear | Villager (Male) |
| 18:12 | Crear | Villager (Male) |
| 18:18 | Construir | Market |
| 19:02 | Investigar | Castle Age |
| 19:33 | Construir | Stable |
| 20:03 | Investigar | Scale Barding Armor |
| 20:12 | Investigar | Bloodlines |
| 20:20 | Construir | Stable |
| 20:42 | Construir | Lumber Camp |
| 21:38 | Crear | Villager (Male) |
| 21:50 | Crear | Knight |
| 21:51 | Crear | Knight |
| 21:56 | Investigar | Chain Barding Armor |
| 21:56 | Investigar | Chain Barding Armor |
| 21:58 | Crear | Villager (Male) |
| 22:09 | Construir | Mining Camp |
| 22:13 | Crear | Knight |
| 22:19 | Crear | Knight |
| 22:20 | Crear | Villager (Male) |
| 22:21 | Construir | Farm |
| 22:22 | Construir | Farm |
| 22:49 | Crear | Villager (Male) |
| 22:51 | Construir | Farm |
| 22:53 | Construir | Farm |
| 22:55 | Crear | Knight |
| 22:58 | Construir | Farm |
| 23:03 | Crear | Villager (Male) |
| 23:07 | Investigar | Husbandry |
| 23:09 | Crear | Villager (Male) |
| 23:13 | Construir | Palisade Wall |
| 23:16 | Construir | Farm |
| 23:23 | Crear | Knight |
| 23:37 | Construir | Farm |
| 23:38 | Construir | Farm |
| 23:41 | Crear | Knight |
| 23:48 | Construir | House |
| 23:49 | Construir | House |
| 23:51 | Construir | House |
| 23:58 | Construir | House |
| 24:02 | Construir | Farm |
| 24:05 | Crear | Villager (Male) |
| 24:08 | Crear | Knight |
| 24:15 | Crear | Knight |
| 24:19 | Crear | Villager (Male) |
| 24:20 | Construir | Farm |
Build order — TUT
Primeras 150 de 537 acciones detectadas
| 0:01 | Crear | Villager (Male) |
| 0:01 | Crear | Villager (Male) |
| 0:01 | Crear | Villager (Male) |
| 0:02 | Construir | House |
| 0:04 | Construir | House |
| 0:12 | Crear | Villager (Male) |
| 0:12 | Crear | Villager (Male) |
| 1:30 | Crear | Villager (Male) |
| 1:31 | Crear | Villager (Male) |
| 1:50 | Crear | Villager (Male) |
| 1:51 | Crear | Villager (Male) |
| 2:07 | Construir | Mill |
| 2:17 | Crear | Villager (Male) |
| 2:18 | Crear | Villager (Male) |
| 2:43 | Crear | Villager (Male) |
| 3:13 | Crear | Villager (Male) |
| 3:14 | Crear | Villager (Male) |
| 3:34 | Construir | Palisade Wall |
| 3:38 | Crear | Villager (Male) |
| 3:55 | Crear | Villager (Male) |
| 3:55 | Crear | Villager (Male) |
| 4:05 | Crear | Villager (Male) |
| 4:11 | Construir | Palisade Wall |
| 4:38 | Construir | Palisade Wall |
| 4:39 | Construir | Palisade Wall |
| 4:51 | Crear | Villager (Male) |
| 4:51 | Crear | Villager (Male) |
| 4:52 | Crear | Villager (Male) |
| 4:52 | Crear | Villager (Male) |
| 5:22 | Crear | Villager (Male) |
| 5:30 | Crear | Villager (Male) |
| 5:30 | Investigar | Loom |
| 6:02 | Construir | Lumber Camp |
| 6:30 | Construir | Palisade Wall |
| 6:50 | Investigar | Feudal Age |
| 6:50 | Investigar | Feudal Age |
| 7:01 | Construir | House |
| 7:17 | Construir | Palisade Wall |
| 7:35 | Construir | Palisade Wall |
| 7:40 | Construir | Palisade Wall |
| 7:51 | Construir | Palisade Wall |
| 8:05 | Construir | Palisade Wall |
| 8:22 | Construir | Barracks |
| 8:47 | Crear | Villager (Male) |
| 9:07 | Construir | Mining Camp |
| 9:16 | Edad | Edad Feudal |
| 9:23 | Construir | Archery Range |
| 9:38 | Crear | Villager (Male) |
| 9:39 | Crear | Villager (Male) |
| 10:08 | Crear | Archer |
| 10:17 | Crear | Villager (Male) |
| 10:18 | Crear | Villager (Male) |
| 10:20 | Crear | Archer |
| 10:23 | Construir | Mill |
| 10:56 | Crear | Archer |
| 10:58 | Crear | Villager (Male) |
| 10:58 | Crear | Villager (Male) |
| 10:58 | Crear | Villager (Male) |
| 11:11 | Construir | Palisade Wall |
| 11:13 | Construir | Palisade Wall |
| 11:14 | Construir | Palisade Wall |
| 11:19 | Construir | Palisade Wall |
| 11:29 | Crear | Villager (Male) |
| 11:40 | Crear | Archer |
| 11:40 | Crear | Archer |
| 11:48 | Construir | Farm |
| 11:49 | Construir | Farm |
| 11:50 | Construir | Farm |
| 11:52 | Construir | House |
| 12:00 | Crear | Villager (Male) |
| 12:33 | Crear | Villager (Male) |
| 12:33 | Crear | Villager (Male) |
| 12:34 | Crear | Villager (Male) |
| 12:45 | Crear | Villager (Male) |
| 12:50 | Investigar | Double-Bit Axe |
| 12:59 | Construir | Farm |
| 13:04 | Crear | Villager (Male) |
| 13:04 | Crear | Villager (Male) |
| 13:11 | Construir | House |
| 13:12 | Crear | Villager (Male) |
| 13:13 | Crear | Archer |
| 13:19 | Construir | House |
| 13:50 | Construir | Farm |
| 13:53 | Crear | Archer |
| 13:54 | Crear | Villager (Male) |
| 13:54 | Crear | Villager (Male) |
| 13:58 | Investigar | Horse Collar |
| 13:58 | Crear | Villager (Male) |
| 14:09 | Construir | Palisade Wall |
| 14:16 | Construir | House |
| 14:18 | Construir | House |
| 14:22 | Investigar | Town Watch |
| 14:27 | Crear | Archer |
| 14:27 | Crear | Archer |
| 14:38 | Construir | House |
| 14:50 | Crear | Villager (Male) |
| 14:51 | Crear | Villager (Male) |
| 14:56 | Construir | Farm |
| 14:57 | Construir | Farm |
| 15:03 | Crear | Archer |
| 15:03 | Crear | Archer |
| 15:08 | Construir | Palisade Wall |
| 15:25 | Crear | Villager (Male) |
| 15:29 | Crear | Archer |
| 15:52 | Construir | Palisade Wall |
| 15:59 | Construir | Blacksmith |
| 16:02 | Construir | Palisade Wall |
| 16:06 | Crear | Villager (Male) |
| 16:07 | Crear | Archer |
| 16:14 | Construir | Farm |
| 16:17 | Crear | Villager (Male) |
| 16:19 | Crear | Villager (Male) |
| 16:51 | Construir | Lumber Camp |
| 17:06 | Construir | Palisade Wall |
| 17:25 | Crear | Villager (Male) |
| 17:38 | Construir | House |
| 17:49 | Construir | Farm |
| 17:53 | Construir | Farm |
| 18:07 | Construir | House |
| 18:09 | Crear | Archer |
| 18:13 | Construir | Farm |
| 18:19 | Investigar | Castle Age |
| 18:19 | Investigar | Castle Age |
| 18:21 | Crear | Archer |
| 18:42 | Investigar | Fletching |
| 18:47 | Crear | Archer |
| 19:02 | Construir | Stable |
| 19:41 | Crear | Scout Cavalry |
| 19:41 | Crear | Scout Cavalry |
| 19:47 | Crear | Archer |
| 19:47 | Crear | Archer |
| 19:50 | Construir | House |
| 20:02 | Investigar | Scale Barding Armor |
| 20:02 | Investigar | Scale Barding Armor |
| 20:04 | Crear | Archer |
| 20:18 | Crear | Scout Cavalry |
| 20:18 | Crear | Scout Cavalry |
| 20:21 | Construir | Farm |
| 20:32 | Construir | Farm |
| 20:33 | Construir | Farm |
| 20:39 | Construir | House |
| 20:50 | Crear | Scout Cavalry |
| 20:59 | Edad | Edad de los Castillos |
| 21:02 | Investigar | Bodkin Arrow |
| 21:02 | Investigar | Bodkin Arrow |
| 21:11 | Crear | Knight |
| 21:20 | Crear | Villager (Male) |
| 21:25 | Construir | Farm |
| 21:26 | Construir | Farm |
| 21:26 | Crear | Archer |
Cronología de la partida
| 3:34 | TUT · wall_segment Palisade Wall x7 |
| 4:11 | TUT · wall_segment Palisade Wall x15 |
| 4:38 | TUT · wall_segment Palisade Wall x1 |
| 4:39 | TUT · wall_segment Palisade Wall x1 |
| 5:46 | RuFF Holland · first_building Barracks |
| 6:30 | TUT · wall_segment Palisade Wall x7 |
| 7:17 | TUT · wall_segment Palisade Wall x8 |
| 7:35 | TUT · wall_segment Palisade Wall x6 |
| 7:40 | TUT · wall_segment Palisade Wall x2 |
| 7:51 | TUT · wall_segment Palisade Wall x7 |
| 8:05 | TUT · wall_segment Palisade Wall x2 |
| 8:22 | TUT · first_building Barracks |
| 9:16 | TUT · age_up feudal |
| 9:23 | TUT · first_building Archery Range |
| 11:11 | TUT · wall_segment Palisade Wall x1 |
| 11:13 | TUT · wall_segment Palisade Wall x1 |
| 11:13 | RuFF Holland · first_building Archery Range |
| 11:14 | TUT · wall_segment Palisade Wall x1 |
| 11:19 | TUT · wall_segment Palisade Wall x1 |
| 12:57 | RuFF Holland · wall_segment Palisade Wall x7 |
| 12:59 | RuFF Holland · wall_segment Palisade Wall x3 |
| 13:00 | RuFF Holland · wall_segment Palisade Wall x1 |
| 13:01 | RuFF Holland · wall_segment Palisade Wall x3 |
| 13:44 | RuFF Holland · wall_segment Palisade Wall x7 |
| 14:09 | TUT · wall_segment Palisade Wall x12 |
| 14:57 | RuFF Holland · wall_segment Palisade Wall x4 |
| 14:58 | RuFF Holland · wall_segment Palisade Wall x1 |
| 15:08 | TUT · wall_segment Palisade Wall x9 |
| 15:17 | RuFF Holland · wall_segment Palisade Wall x5 |
| 15:19 | RuFF Holland · wall_segment Palisade Wall x5 |
| 15:52 | TUT · wall_segment Palisade Wall x1 |
| 16:02 | TUT · wall_segment Palisade Wall x1 |
| 17:06 | TUT · wall_segment Palisade Wall x5 |
| 19:00 | RuFF Holland · first_market_buy 100 food |
| 19:01 | RuFF Holland · first_market_sell 100 wood |
| 19:02 | TUT · first_building Stable |
| 19:33 | RuFF Holland · first_building Stable |
| 20:59 | TUT · age_up castle |
| 23:12 | TUT · first_building Monastery |
| 23:13 | RuFF Holland · wall_segment Palisade Wall x1 |
| 25:19 | RuFF Holland · first_building Siege Workshop |
| 27:39 | RuFF Holland · first_building Monastery |
| 40:39 | TUT · first_market_sell 100 food |
| 40:40 | TUT · first_market_buy 100 wood |
| 40:49 | TUT · age_up imperial |
| 41:28 | TUT · first_building Castle |
| 41:29 | RuFF Holland · resign |
[ ANÁLISIS IA · 1 CRÉDITO ]
¿Qué pasó realmente en esta partida?
Wolo.gg analiza cada decisión: build order, eco, micro, errores típicos por bracket. Análisis personalizado por WhatsApp o Discord en 30 segundos.
Guía civ
Eslavos
Perfil
Jugador #267402